 Dungeon Crawl Stone Soup version 0.30-a0-165-g1891117ce2 (webtiles) character file.

Game seed: 11850361487925700734

679 qw the Chopper (level 7, -2/44 HPs)
             Began as a Gargoyle Fighter on Sept 28, 2022.
             Killed from afar by Dowan (8 damage)
             ... with a shard of ice
             ... on level 4 of the Dungeon.
             The game lasted 00:03:24 (4783 turns).

qw the Chopper (Gargoyle Fighter)                   Turns: 4783, Time: 00:03:25

Health: -2/44      AC: 16    Str: 28    XL:     7   Next: 60%
Magic:  7/7        EV: 12    Int:  8    God:
Gold:   72         SH:  4    Dex:  9    Spells: 6/6 levels left

rFire   . . .      SeeInvis .    g - +1 war axe
rCold   . . .      Faith    .    c - +0 buckler
rNeg    + . .      Spirit   .    f - +0 chain mail
rPois   inf        Reflect  .    (no helmet)
rElec   +          Harm     .    j - +1 cloak
rCorr   .          Rampage  .    (no gloves)
Will    .....                    (no boots)
Stlth   ..........               (no amulet)
HPRegen 0.14/turn                o - +4 ring of evasion
MPRegen 0.10/turn                m - +6 ring of strength

@: no status effects
A: sickness immunity, AC +4, negative energy resistance 1, electricity
resistance, torment resistance 1, petrification resistance
a: no special abilities


You were on level 4 of the Dungeon.
You visited 1 branch of the dungeon, and saw 4 of its levels.

You collected 216 gold pieces.
You spent 144 gold pieces at shops.


Innate Abilities, Weirdness & Mutations

You are immune to sickness and miasma.
Your stone body is resilient. (AC +4)
You are immune to poison.
You resist negative energy. (rN+)
You are resistant to electric shocks. (rElec)
You are resistant to unholy torment.
You are immune to petrification.


   Skills:
 + Level 4.3 Fighting
 - Level 7.0 Axes
 - Level 3.2 Armour
 - Level 1.1 Dodging
 - Level 3.2 Shields


You had 6 spell levels left.
You didn't know any spells.
Your spell library was empty.

Inventory:

Hand Weapons
 e - a +0 morningstar
 g - a +1 war axe (weapon)
Armour
 c - a +0 buckler (worn)
 f - a +0 chain mail (worn)
 j - a +1 cloak (worn)
Jewellery
 m - a +6 ring of strength (right hand)
 n - a ring of fire
 o - a +4 ring of evasion (left hand)
Scrolls
 h - a scroll of identify
 k - a scroll of magic mapping {unknown}
Potions
 a - a potion of mutation
 b - a potion of flight {unknown}
 d - 2 potions of might
 i - a potion of heal wounds {unknown}
 l - 2 potions of curing

Dungeon Overview and Level Annotations

Branches:
Dungeon (4/15)
 Temple: D:4-7

Altars:
Hepliaklqana
Sif Muna
Yredelemnul

Shops:
D:4 =*?[

Annotations:
D:3 4 transporters, qw's ghost, amateur GrFi
D:4 Dowan


Message History

Dowan hits you but does no damage. x2
You closely miss Dowan.
Dowan is moderately wounded.
Dowan casts a spell.
Dowan blinks!
Dowan mumbles some strange words.
Dowan blinks!
An orc comes into view. It is wielding a +4 flail.
The orc shouts!
Dowan says, "How can I live without her?"
Dowan casts a spell at you. The stone arrow hits you.
Dowan gestures wildly while chanting.
Dowan blinks!
Dowan casts a spell at you.
The stone arrow hits you but does no damage.
Dowan gestures at you while chanting. You block the shard of ice.
Dowan closely misses you.
You slash Dowan!
Dowan is almost dead.
Dowan hits you but does no damage.
Dowan casts a spell.
Dowan blinks!
Dowan misses you.
Dowan says, "Her death will not be in vain!"
Dowan barely misses you.
You closely miss Dowan.
Dowan is almost dead.
Dowan casts a spell at you. The shard of ice misses you.
You completely miss Dowan.
Dowan is almost dead.
Dowan gestures at you while chanting. The shard of ice hits you!
Dowan hits you with a +0 dagger.
You miss Dowan.
Dowan is almost dead.
Dowan casts a spell at you. The shard of ice hits you!
You die...

... .. ...P~~###'# #....
....~~#...#############''''##
....~~#.go#..................
..##....~~#####~o~~~~~~~~~~....~~
...#....~~~~~~~~~~~~~~~~~~~....~~
...#....~~~~~~~~~~~~~~~~~~~....~~
...#............@e...............
...#..####.................##..#.
......##...#..............## #...
..#)..###.###..........)...###.##
..).).)....###.......)......##.#
#.#..#....## ........)[..##....#
..#......## #..##.........####.##
..###.#..# #..######......# #.##
.######..# ##. #.#..#...###..#


You could see Dowan (fast) and an orc.

Vanquished Creatures
  Duvessa (D:4)
  An ogre (D:4)
  A scorpion (D:3)
  A howler monkey (D:4)
  3 orc priests (D:4)
  A hound (D:4)
  Ijyb (D:4)
  5 adders
  9 gnolls (D:4)
  An ufetubus (D:4)
  A worm (D:3)
  A dart slug (D:4)
  14 orcs
  4 ball pythons
  7 bats
  6 endoplasms
  5 giant cockroaches
  10 goblins
  10 hobgoblins
  8 jackals
  6 kobolds
  5 quokkas
  6 rats
107 creatures vanquished.

Vanquished Creatures (others)
  A plant (D:4)
1 creature vanquished.

Grand Total: 108 creatures vanquished

Notes
Turn   | Place    | Note
-------+----------+-------------------------------------------
     0 | D:1      | qw the Gargoyle Fighter began the quest for the Orb.
     0 | D:1      | Reached XP level 1. HP: 14/14 MP: 1/1
     0 | D:1      | 0 ||| qw: Version: 0.2-a-12-gaebbb33
     0 | D:1      | 0 ||| qw: Game counter: 902
     0 | D:1      | 0 ||| qw: Always use a shield: true
     0 | D:1      | 0 ||| qw: God list: Okawaru
     0 | D:1      | 0 ||| qw: Allow faded altars: false
     0 | D:1      | 0 ||| qw: Do Orc after D:15 true
     0 | D:1      | 0 ||| qw: Do second Lair branch before Depths: true
     0 | D:1      | 0 ||| qw: Lair rune preference: random
     0 | D:1      | 0 ||| qw: Plans: Normal, Zot:1-4, God:TSO, Crypt, Tomb,
                  | Pan, Slime:5, Hells, Abyss, Orb
     0 | D:1      | 0 ||| PLANNING D:1-11
     4 | D:1      | 4 ||| Stepping ~*~*~tactically~*~*~ (stealth).
    16 | D:1      | 16 ||| Stepping ~*~*~tactically~*~*~ (stealth).
    22 | D:1      | Reached skill level 2 in Axes
    28 | D:1      | Reached XP level 2. HP: 14/19 MP: 2/2
    34 | D:1      | 34 ||| Stepping ~*~*~tactically~*~*~ (stealth).
    36 | D:1      | 36 ||| Stepping ~*~*~tactically~*~*~ (stealth).
   222 | D:1      | 222 ||| DROPPING +0 club.
   237 | D:1      | Reached skill level 3 in Axes
   271 | D:1      | 271 ||| Stepping ~*~*~tactically~*~*~ (stealth).
   283 | D:1      | Reached XP level 3. HP: 17/23 MP: 3/3
   928 | D:1      | 928 ||| READING scroll labelled IPLUYCS LOZO.
   929 | D:1      | 929 ||| READING scroll labelled GOICOS OWNOST.
   930 | D:1      | 930 ||| READING scroll labelled DAKKIN VOMN.
   931 | D:1      | 931 ||| READING scroll labelled ZIAHIL PACULL.
   972 | D:2      | 972 ||| STAIRDANCE
  1053 | D:2      | Found a faded altar of an unknown god.
  1101 | D:2      | Found a hazy altar of Hepliaklqana.
  1308 | D:2      | Reached XP level 4. HP: 28/28 MP: 4/4
  1392 | D:2      | Reached skill level 4 in Axes
  1623 | D:2      | 1623 ||| READING scroll labelled FAICIU YLOG.
  1713 | D:3      | Noticed a scorpion
  1720 | D:3      | Killed a scorpion
  1721 | D:3      | Reached XP level 5. HP: 30/32 MP: 5/5
  1772 | D:3      | 1772 ||| DROPPING +0 whip.
  1810 | D:3      | 1810 ||| FLEEEEING.
  1816 | D:3      | Found a transporter.
  1817 | D:3      | Noticed qw's ghost (amateur GrFi)
  1823 | D:3      | Identified the +5 great mace of Collusion {distort, rElec
                  | rPois Dex-5}
  1823 | D:3      | Noticed an ogre
  1850 | D:3      | 1850 ||| Stepping ~*~*~tactically~*~*~ (stealth).
  1853 | D:3      | 1853 ||| Stepping ~*~*~tactically~*~*~ (stealth).
  1935 | D:3      | 1935 ||| Stepping ~*~*~tactically~*~*~ (stealth).
  2025 | D:3      | 2025 ||| Stepping ~*~*~tactically~*~*~ (stealth).
  2037 | D:3      | Found a basalt altar of Yredelemnul.
  2046 | D:3      | 2046 ||| Stepping ~*~*~tactically~*~*~ (stealth).
  2050 | D:3      | Reached skill level 5 in Axes
  2072 | D:3      | Found a transporter.
  2078 | D:3      | Found a transporter.
  2364 | D:3      | Found a transporter.
  2453 | D:3      | Found a shimmering blue altar of Sif Muna.
  2455 | D:3      | 2455 ||| UPGRADING to +0 chain mail.
  2465 | D:3      | 2465 ||| DROPPING +0 scale mail.
  2466 | D:3      | 2466 ||| UPGRADING to +0 cloak.
  2471 | D:3      | 2471 ||| READING scroll of enchant armour.
  2471 | D:3      | 2471 ||| ENCHANTING +0 cloak.
  2472 | D:3      | 2472 ||| UPGRADING to +6 ring of strength.
  2473 | D:3      | 2473 ||| READING scroll labelled ANWYMAA YMESS.
  2499 | D:4      | 2499 ||| STAIRDANCE
  2565 | D:4      | 2565 ||| STAIRDANCE
  2572 | D:4      | 2572 ||| STAIRDANCE
  2722 | D:4      | 2722 ||| STAIRDANCE
  2761 | D:4      | 2761 ||| STAIRDANCE
  2959 | D:4      | Noticed Duvessa
  2960 | D:4      | 2960 ||| STAIRDANCE
  2978 | D:4      | 2978 ||| STAIRDANCE
  3005 | D:4      | 3005 ||| STAIRDANCE
  3077 | D:4      | Killed Duvessa
  3078 | D:4      | Reached XP level 6. HP: 23/38 MP: 6/6
  3078 | D:4      | 3078 ||| STAIRDANCE
  3223 | D:4      | Noticed Ijyb
  3224 | D:4      | 3224 ||| Stepping ~*~*~tactically~*~*~ (hiding).
  3225 | D:4      | 3225 ||| Stepping ~*~*~tactically~*~*~ (hiding).
  3239 | D:4      | Killed Ijyb
  3355 | D:4      | Found Yttic's Antique Armour Boutique.
  3363 | D:4      | 3363 ||| SHOPLISTING +7 Kryia's mail coat {PotionHeal*2
                  | rC+} (1200 gold, have 151).
  3391 | D:4      | Found Lahiqana's Magic Scroll Boutique.
  3400 | D:4      | 3400 ||| BUYING scroll of identify (22 gold).
  3400 | D:4      | Bought a scroll of identify for 22 gold pieces
  3400 | D:4      | 3400 ||| BUYING scroll of identify (22 gold).
  3400 | D:4      | Bought a scroll of identify for 22 gold pieces
  3400 | D:4      | 3400 ||| BUYING scroll of teleportation (33 gold).
  3400 | D:4      | Bought a scroll of teleportation for 33 gold pieces
  3416 | D:4      | Reached skill level 6 in Axes
  3426 | D:4      | 3426 ||| FLEEEEING.
  3453 | D:4      | Found Nebewaycs's Assorted Antiques.
  3459 | D:4      | 3459 ||| BUYING 3 glowing dark potions (67 gold).
  3459 | D:4      | Bought 3 glowing dark potions for 67 gold pieces
  3459 | D:4      | 3459 ||| SHOPLISTING black potion (22 gold, have 7).
  3459 | D:4      | 3459 ||| SHOPLISTING emerald potion (22 gold, have 7).
  3459 | D:4      | 3459 ||| SHOPLISTING scroll labelled MEOLUOLI ATIO (25
                  | gold, have 7).
  3459 | D:4      | 3459 ||| SHOPLISTING shiny kite shield (187 gold, have 7).
  3480 | D:4      | Identified the ring of Arrival {+Blink rPois MP+9 Dex+4}
  3504 | D:4      | Noticed Dowan
  3505 | D:4      | 3505 ||| Stepping ~*~*~tactically~*~*~ (stealth).
  3506 | D:4      | 3506 ||| Stepping ~*~*~tactically~*~*~ (stealth).
  3526 | D:4      | Reached skill level 1 in Dodging
  3529 | D:4      | Reached XP level 7. HP: 26/43 MP: 7/7
  3529 | D:4      | 3529 ||| FLEEEEING.
  3538 | D:4      | 3538 ||| STAIRDANCE
  3645 | D:3      | 3645 ||| UPGRADING to ring of Arrival {+Blink rPois MP+9
                  | Dex+4}.
  3706 | D:3      | 3706 ||| DRINKING 3 glowing dark potions.
  3707 | D:3      | 3707 ||| READING 2 scrolls of identify.
  3707 | D:3      | 3707 ||| IDENTIFYING fuming inky potion
  3774 | D:4      | 3774 ||| Stepping ~*~*~tactically~*~*~ (hiding).
  3927 | D:4      | 3927 ||| Stepping ~*~*~tactically~*~*~ (stealth).
  3950 | D:4      | HP: 10/43 [gnoll/+0 rapier (4)]
  3951 | D:4      | 3951 ||| READING scroll of teleportation.
  3952 | D:4      | HP: 4/43 [gnoll/+0 rapier (7)]
  4147 | D:4      | 4147 ||| FLEEEEING.
  4148 | D:4      | 4148 ||| FLEEEEING.
  4149 | D:4      | 4149 ||| FLEEEEING.
  4156 | D:4      | 4156 ||| FLEEEEING.
  4157 | D:4      | 4157 ||| STAIRDANCE
  4230 | D:3      | 4230 ||| UPGRADING to +4 ring of evasion.
  4232 | D:3      | 4232 ||| UPGRADING to +6 ring of strength.
  4234 | D:3      | 4234 ||| DROPPING ring of Arrival {+Blink rPois MP+9
                  | Dex+4}.
  4422 | D:4      | 4422 ||| Stepping randomly (stuck).
  4423 | D:4      | 4423 ||| Stepping randomly (stuck).
  4424 | D:4      | 4424 ||| Stepping randomly (stuck).
  4425 | D:4      | 4425 ||| Stepping randomly (stuck).
  4426 | D:4      | 4426 ||| Stepping randomly (stuck).
  4427 | D:4      | 4427 ||| Stepping randomly (stuck).
  4428 | D:4      | 4428 ||| Stepping randomly (stuck).
  4429 | D:4      | 4429 ||| Stepping randomly (stuck).
  4430 | D:4      | 4430 ||| Stepping randomly (stuck).
  4431 | D:4      | 4431 ||| Stepping randomly (stuck).
  4432 | D:4      | 4432 ||| Stepping randomly (stuck).
  4433 | D:4      | 4433 ||| Stepping randomly (stuck).
  4434 | D:4      | 4434 ||| Stepping randomly (stuck).
  4435 | D:4      | 4435 ||| Stepping randomly (stuck).
  4436 | D:4      | 4436 ||| Stepping randomly (stuck).
  4437 | D:4      | 4437 ||| Stepping randomly (stuck).
  4438 | D:4      | 4438 ||| Stepping randomly (stuck).
  4439 | D:4      | 4439 ||| Stepping randomly (stuck).
  4440 | D:4      | 4440 ||| Stepping randomly (stuck).
  4441 | D:4      | 4441 ||| Stepping randomly (stuck).
  4442 | D:4      | 4442 ||| Stepping randomly (stuck).
  4443 | D:4      | 4443 ||| Stepping randomly (stuck).
  4444 | D:4      | 4444 ||| Stepping randomly (stuck).
  4445 | D:4      | 4445 ||| Stepping randomly (stuck).
  4446 | D:4      | 4446 ||| Stepping randomly (stuck).
  4447 | D:4      | 4447 ||| Stepping randomly (stuck).
  4448 | D:4      | 4448 ||| Stepping randomly (stuck).
  4449 | D:4      | 4449 ||| Stepping randomly (stuck).
  4450 | D:4      | 4450 ||| Stepping randomly (stuck).
  4451 | D:4      | 4451 ||| Stepping randomly (stuck).
  4452 | D:4      | 4452 ||| Stepping randomly (stuck).
  4453 | D:4      | 4453 ||| Stepping randomly (stuck).
  4454 | D:4      | 4454 ||| Stepping randomly (stuck).
  4455 | D:4      | 4455 ||| Stepping randomly (stuck).
  4456 | D:4      | 4456 ||| Stepping randomly (stuck).
  4457 | D:4      | 4457 ||| Stepping randomly (stuck).
  4458 | D:4      | 4458 ||| Stepping randomly (stuck).
  4459 | D:4      | 4459 ||| Stepping randomly (stuck).
  4460 | D:4      | 4460 ||| Stepping randomly (stuck).
  4461 | D:4      | 4461 ||| Stepping randomly (stuck).
  4462 | D:4      | 4462 ||| Stepping randomly (stuck).
  4463 | D:4      | 4463 ||| Stepping randomly (stuck).
  4464 | D:4      | 4464 ||| Stepping randomly (stuck).
  4465 | D:4      | 4465 ||| Stepping randomly (stuck).
  4466 | D:4      | 4466 ||| Stepping randomly (stuck).
  4468 | D:4      | 4468 ||| Stepping randomly (stuck).
  4470 | D:4      | 4470 ||| Stepping randomly (stuck).
  4471 | D:4      | 4471 ||| Stepping randomly (stuck).
  4472 | D:4      | 4472 ||| Stepping randomly (stuck).
  4473 | D:4      | 4473 ||| Stepping randomly (stuck).
  4474 | D:4      | 4474 ||| Stepping randomly (stuck).
  4475 | D:4      | 4475 ||| Stepping randomly (stuck).
  4476 | D:4      | 4476 ||| Stepping randomly (stuck).
  4477 | D:4      | 4477 ||| Stepping randomly (stuck).
  4478 | D:4      | 4478 ||| Stepping randomly (stuck).
  4479 | D:4      | 4479 ||| Stepping randomly (stuck).
  4480 | D:4      | 4480 ||| Stepping randomly (stuck).
  4481 | D:4      | 4481 ||| Stepping randomly (stuck).
  4482 | D:4      | 4482 ||| Stepping randomly (stuck).
  4483 | D:4      | 4483 ||| Stepping randomly (stuck).
  4484 | D:4      | 4484 ||| Stepping randomly (stuck).
  4485 | D:4      | 4485 ||| Stepping randomly (stuck).
  4486 | D:4      | 4486 ||| Stepping randomly (stuck).
  4487 | D:4      | 4487 ||| Stepping randomly (stuck).
  4488 | D:4      | 4488 ||| Stepping randomly (stuck).
  4489 | D:4      | 4489 ||| Stepping randomly (stuck).
  4490 | D:4      | 4490 ||| Stepping randomly (stuck).
  4491 | D:4      | 4491 ||| Stepping randomly (stuck).
  4492 | D:4      | 4492 ||| Stepping randomly (stuck).
  4494 | D:4      | 4494 ||| Stepping randomly (stuck).
  4496 | D:4      | 4496 ||| Stepping randomly (stuck).
  4497 | D:4      | 4497 ||| Stepping randomly (stuck).
  4498 | D:4      | 4498 ||| Stepping randomly (stuck).
  4499 | D:4      | 4499 ||| Stepping randomly (stuck).
  4500 | D:4      | 4500 ||| Stepping randomly (stuck).
  4501 | D:4      | 4501 ||| Stepping randomly (stuck).
  4502 | D:4      | 4502 ||| Stepping randomly (stuck).
  4504 | D:4      | 4504 ||| Stepping randomly (stuck).
  4505 | D:4      | 4505 ||| Stepping randomly (stuck).
  4506 | D:4      | 4506 ||| Stepping randomly (stuck).
  4507 | D:4      | 4507 ||| Stepping randomly (stuck).
  4508 | D:4      | 4508 ||| Stepping randomly (stuck).
  4509 | D:4      | 4509 ||| Stepping randomly (stuck).
  4510 | D:4      | 4510 ||| Stepping randomly (stuck).
  4511 | D:4      | 4511 ||| Stepping randomly (stuck).
  4512 | D:4      | 4512 ||| Stepping randomly (stuck).
  4513 | D:4      | 4513 ||| Stepping randomly (stuck).
  4515 | D:4      | 4515 ||| Stepping randomly (stuck).
  4516 | D:4      | 4516 ||| Stepping randomly (stuck).
  4518 | D:4      | 4518 ||| Stepping randomly (stuck).
  4520 | D:4      | 4520 ||| Stepping randomly (stuck).
  4521 | D:4      | 4521 ||| Stepping randomly (stuck).
  4522 | D:4      | 4522 ||| Stepping randomly (stuck).
  4523 | D:4      | 4523 ||| Stepping randomly (stuck).
  4524 | D:4      | 4524 ||| Stepping randomly (stuck).
  4525 | D:4      | 4525 ||| Stepping randomly (stuck).
  4527 | D:4      | 4527 ||| Stepping randomly (stuck).
  4528 | D:4      | 4528 ||| Stepping randomly (stuck).
  4529 | D:4      | 4529 ||| Stepping randomly (stuck).
  4530 | D:4      | 4530 ||| Stepping randomly (stuck).
  4531 | D:4      | 4531 ||| Stepping randomly (stuck).
  4532 | D:4      | 4532 ||| Stepping randomly (stuck).
  4533 | D:4      | 4533 ||| Stepping randomly (stuck).
  4534 | D:4      | 4534 ||| Stepping randomly (stuck).
  4535 | D:4      | 4535 ||| Stepping randomly (stuck).
  4536 | D:4      | 4536 ||| Stepping randomly (stuck).
  4537 | D:4      | 4537 ||| Stepping randomly (stuck).
  4538 | D:4      | 4538 ||| Stepping randomly (stuck).
  4539 | D:4      | 4539 ||| Stepping randomly (stuck).
  4540 | D:4      | 4540 ||| Stepping randomly (stuck).
  4541 | D:4      | 4541 ||| Stepping randomly (stuck).
  4542 | D:4      | 4542 ||| Stepping randomly (stuck).
  4543 | D:4      | 4543 ||| Stepping randomly (stuck).
  4544 | D:4      | 4544 ||| Stepping randomly (stuck).
  4545 | D:4      | 4545 ||| Stepping randomly (stuck).
  4546 | D:4      | 4546 ||| Stepping randomly (stuck).
  4547 | D:4      | 4547 ||| Stepping randomly (stuck).
  4548 | D:4      | 4548 ||| Stepping randomly (stuck).
  4549 | D:4      | 4549 ||| Stepping randomly (stuck).
  4550 | D:4      | 4550 ||| Stepping randomly (stuck).
  4551 | D:4      | 4551 ||| Stepping randomly (stuck).
  4552 | D:4      | 4552 ||| Stepping randomly (stuck).
  4553 | D:4      | 4553 ||| Stepping randomly (stuck).
  4554 | D:4      | 4554 ||| Stepping randomly (stuck).
  4555 | D:4      | 4555 ||| Stepping randomly (stuck).
  4556 | D:4      | 4556 ||| Stepping randomly (stuck).
  4557 | D:4      | 4557 ||| Stepping randomly (stuck).
  4558 | D:4      | 4558 ||| Stepping randomly (stuck).
  4559 | D:4      | 4559 ||| Stepping randomly (stuck).
  4560 | D:4      | 4560 ||| Stepping randomly (stuck).
  4561 | D:4      | 4561 ||| Stepping randomly (stuck).
  4562 | D:4      | 4562 ||| Stepping randomly (stuck).
  4563 | D:4      | 4563 ||| Stepping randomly (stuck).
  4564 | D:4      | 4564 ||| Stepping randomly (stuck).
  4565 | D:4      | 4565 ||| Stepping randomly (stuck).
  4566 | D:4      | 4566 ||| Stepping randomly (stuck).
  4567 | D:4      | 4567 ||| Stepping randomly (stuck).
  4568 | D:4      | 4568 ||| Stepping randomly (stuck).
  4569 | D:4      | 4569 ||| Stepping randomly (stuck).
  4570 | D:4      | 4570 ||| Stepping randomly (stuck).
  4571 | D:4      | 4571 ||| Stepping randomly (stuck).
  4572 | D:4      | 4572 ||| Stepping randomly (stuck).
  4573 | D:4      | 4573 ||| Stepping randomly (stuck).
  4574 | D:4      | 4574 ||| Stepping randomly (stuck).
  4575 | D:4      | 4575 ||| Stepping randomly (stuck).
  4576 | D:4      | 4576 ||| Stepping randomly (stuck).
  4577 | D:4      | 4577 ||| Stepping randomly (stuck).
  4578 | D:4      | 4578 ||| Stepping randomly (stuck).
  4579 | D:4      | 4579 ||| Stepping randomly (stuck).
  4580 | D:4      | 4580 ||| Stepping randomly (stuck).
  4581 | D:4      | 4581 ||| Stepping randomly (stuck).
  4582 | D:4      | 4582 ||| Stepping randomly (stuck).
  4583 | D:4      | 4583 ||| Stepping randomly (stuck).
  4584 | D:4      | 4584 ||| Stepping randomly (stuck).
  4585 | D:4      | 4585 ||| Stepping randomly (stuck).
  4586 | D:4      | 4586 ||| Stepping randomly (stuck).
  4587 | D:4      | 4587 ||| Stepping randomly (stuck).
  4588 | D:4      | 4588 ||| Stepping randomly (stuck).
  4589 | D:4      | 4589 ||| Stepping randomly (stuck).
  4590 | D:4      | 4590 ||| Stepping randomly (stuck).
  4591 | D:4      | 4591 ||| Stepping randomly (stuck).
  4592 | D:4      | 4592 ||| Stepping randomly (stuck).
  4593 | D:4      | 4593 ||| Stepping randomly (stuck).
  4594 | D:4      | 4594 ||| Stepping randomly (stuck).
  4595 | D:4      | 4595 ||| Stepping randomly (stuck).
  4596 | D:4      | 4596 ||| Stepping randomly (stuck).
  4597 | D:4      | 4597 ||| Stepping randomly (stuck).
  4598 | D:4      | 4598 ||| Stepping randomly (stuck).
  4599 | D:4      | 4599 ||| Stepping randomly (stuck).
  4600 | D:4      | 4600 ||| Stepping randomly (stuck).
  4601 | D:4      | 4601 ||| Stepping randomly (stuck).
  4602 | D:4      | 4602 ||| Stepping randomly (stuck).
  4603 | D:4      | 4603 ||| Stepping randomly (stuck).
  4604 | D:4      | 4604 ||| Stepping randomly (stuck).
  4605 | D:4      | 4605 ||| Stepping randomly (stuck).
  4606 | D:4      | 4606 ||| Stepping randomly (stuck).
  4607 | D:4      | 4607 ||| Stepping randomly (stuck).
  4608 | D:4      | 4608 ||| Stepping randomly (stuck).
  4609 | D:4      | 4609 ||| Stepping randomly (stuck).
  4610 | D:4      | 4610 ||| Stepping randomly (stuck).
  4611 | D:4      | 4611 ||| Stepping randomly (stuck).
  4612 | D:4      | 4612 ||| Stepping randomly (stuck).
  4613 | D:4      | 4613 ||| Stepping randomly (stuck).
  4614 | D:4      | 4614 ||| Stepping randomly (stuck).
  4615 | D:4      | 4615 ||| Stepping randomly (stuck).
  4616 | D:4      | 4616 ||| Stepping randomly (stuck).
  4617 | D:4      | 4617 ||| Stepping randomly (stuck).
  4618 | D:4      | 4618 ||| Stepping randomly (stuck).
  4619 | D:4      | 4619 ||| Stepping randomly (stuck).
  4620 | D:4      | 4620 ||| Stepping randomly (stuck).
  4621 | D:4      | 4621 ||| Stepping randomly (stuck).
  4622 | D:4      | 4622 ||| Stepping randomly (stuck).
  4623 | D:4      | 4623 ||| Stepping randomly (stuck).
  4624 | D:4      | 4624 ||| Stepping randomly (stuck).
  4625 | D:4      | 4625 ||| Stepping randomly (stuck).
  4626 | D:4      | 4626 ||| Stepping randomly (stuck).
  4627 | D:4      | 4627 ||| Stepping randomly (stuck).
  4628 | D:4      | 4628 ||| Stepping randomly (stuck).
  4629 | D:4      | 4629 ||| Stepping randomly (stuck).
  4630 | D:4      | 4630 ||| Stepping randomly (stuck).
  4687 | D:4      | Found Gyar Evot's Jewellery Emporium.
  4697 | D:4      | 4697 ||| SHOPLISTING amulet of guardian spirit (330 gold,
                  | have 72).
  4697 | D:4      | 4697 ||| SHOPLISTING amulet of regeneration (330 gold, have
                  | 72).
  4697 | D:4      | 4697 ||| SHOPLISTING ring of resist corrosion (220 gold,
                  | have 72).
  4697 | D:4      | 4697 ||| SHOPLISTING ring of see invisible (165 gold, have
                  | 72).
  4699 | D:4      | 4699 ||| Stepping ~*~*~tactically~*~*~ (hiding).
  4705 | D:4      | Reached skill level 7 in Axes
  4714 | D:4      | 4714 ||| Stepping ~*~*~tactically~*~*~ (stealth).
  4715 | D:4      | 4715 ||| Stepping ~*~*~tactically~*~*~ (stealth).
  4716 | D:4      | 4716 ||| Stepping ~*~*~tactically~*~*~ (stealth).
  4725 | D:4      | 4725 ||| Stepping ~*~*~tactically~*~*~ (stealth).
  4732 | D:4      | 4732 ||| FLEEEEING.
  4733 | D:4      | 4733 ||| FLEEEEING.
  4735 | D:4      | 4735 ||| FLEEEEING.
  4782 | D:4      | HP: 8/44 [Dowan/shard of ice (10)]
  4783 | D:4      | Killed from afar by Dowan

Levels and vault maps discovered:
D:1:      minmay_arrival_radiant_lines, layout_basic
D:2:      layout_rooms, basic_ecumenical_altar, basic_altar,
          nicolae_eternal_life, skrybe_limestone_x
D:3:      gammafunk_steamed_eel, layout_loops_ring, lemuel_blue_sif_altar,
          yredelemnul_altar_generic, gammafunk_ghost_smash
D:4:      lemuel_castle_with_subvaults [lemuel_castle_interior_carwin_3],
          layout_cave_pools, serial_shops, nicolae_square_shop,
          nicolae_shop_stone, shop, shop, minmay_quadrilaterals, uniq_ijyb,
          uniq_duvessa

Skill      XL: |  1  2  3  4  5  6  7 |
---------------+----------------------+-----
Axes           | 2 3 4 5 6 7 |  7.0
Fighting       | 4 |  4.3
Dodging        | 1 |  1.1
Armour         | |  3.2
Shields        | |  3.2

Action                   |  1- 3 |  4- 6 |  7- 9 || total
-------------------------+-------+-------+-------++-------
Melee: War axe           |   103 |   136 |    59 ||   298
       Unarmed           |       |     1 |       ||     1
  Use: Scroll            |     4 |     3 |     2 ||     9
       Potion            |       |       |     1 ||     1
Armor: Scale mail        |    53 |    27 |       ||    80
       Chain mail        |       |    60 |    30 ||    90
Dodge: Dodged            |    35 |    65 |    19 ||   119
Block: Buckler           |    17 |    32 |     8 ||    57

Table legend:
 A = Non-vault XP
 B = Vault XP
 C = Vault XP percentage of total XP
 D = Non-vault monster count
 E = Vault monster count
 F = Vault count percentage of total count
                 A         B        C        D         E       F
            +---------+---------+-------+---------+---------+-------
      Total |     425 |     546 |  56.2 |      81 |      26 |  24.3
            +---------+---------+-------+---------+---------+-------
        D:1 |      70 |       0 |   0.0 |      31 |       0 |   0.0
        D:2 |      47 |       0 |   0.0 |      16 |       0 |   0.0
        D:3 |     139 |       4 |   2.8 |      22 |       2 |   8.3
        D:4 |     169 |     542 |  76.2 |      12 |      24 |  66.7
            +---------+---------+-------+---------+---------+-------
